 Dungeon Crawl Stone Soup version 0.24-a0-493-g7e4ddcd485 (webtiles) character file.

Game seed: 13993666483125381826

3365 KristoblXynda the Grappler (level 9, -2/79 HPs)
             Began as a Troll Skald on July 12, 2019.
             Was an Elder of Cheibriados.
             Slain by a two-headed ogre
             ... wielding a +0 dire flail
              (24 damage)
             ... on level 7 of the Dungeon.
             The game lasted 00:11:46 (5852 turns).

KristoblXynda the Grappler (Troll Skald)            Turns: 5852, Time: 00:11:46

Health: -2/79      AC:  8    Str: 30    XL:     9   Next: 73%
Magic:  5/9        EV: 11    Int: 26    God:    Cheibriados [****..]
Gold:   230        SH:  0    Dex: 18    Spells: 5/10 levels left

rFire    . . .     SeeInvis .     - Unarmed
rCold    . . .     Gourm    +   (no shield)
rNeg     . . .     Faith    .   a - +0 robe
rPois    .         Spirit   .   (helmet restricted)
rElec    .         Reflect  .   g - +1 cloak
rCorr    .         Harm     .   (gloves unavailable)
MR       .....                  (boots unavailable)
Stlth    ++........             (no amulet)
HPRegen  1.63/turn              h - +5 ring of intelligence
MPRegen  0.11/turn              (no ring)

@: regenerating, very slow
A: large, unfitting armour, claws 3, fast metabolism 3, gourmand, regeneration
1, shaggy fur 1, tough skin 3
a: Bend Time, Temporal Distortion, Slouch, Renounce Religion


You were on level 7 of the Dungeon.
You worshipped Cheibriados.
Cheibriados was greatly pleased with you.
You were very full.

You visited 1 branch of the dungeon, and saw 7 of its levels.
You also visited: Ossuary.

You collected 330 gold pieces.
You spent 100 gold pieces at shops.

Inventory:

Armour
 a - a +0 robe (worn)
 g - a +1 cloak (worn)
 r - a +0 shield
Jewellery
 h - a +5 ring of intelligence (left claw)
 t - an uncursed ring of wizardry
Wands
 o - a wand of flame (24)
Scrolls
 d - a scroll of fear
 f - a scroll of enchant armour
 i - 3 scrolls of enchant weapon
 k - 6 scrolls of teleportation
 n - 3 scrolls of identify
Potions
 b - 2 potions of heal wounds
 e - 2 potions of mutation
 j - a potion of flight
 l - a potion of curing
 m - 3 potions of cancellation
 p - a potion of lignification
 q - a potion of invisibility
Comestibles
 c - 9 rations
 s - 23 chunks of flesh


   Skills:
 - Level 2.0 Fighting
 + Level 4.2 Armour
 - Level 2.3 Dodging
 + Level 9.9 Unarmed Combat
 - Level 1.2 Spellcasting
 + Level 6.0 Charms


You had 5 spell levels left.
You knew the following spells:

 Your Spells              Type           Power        Failure   Level  Hunger
a - Song of Slaying       Chrm           ####....     1%          2    ###....
b - Regeneration          Chrm/Necr      ###.......   10%         3    ###....

Your spell library contained the following spells:

 Spells                   Type           Power        Failure   Level  Hunger
 Infusion                 Chrm           ####         1%          1    #......
 Shroud of Golubria       Chrm/Tloc      ###...       4%          2    ###....
 Spectral Weapon          Hex/Chrm       ###.....     10%         3    ###....
 Beastly Appendage        Tmut           #.....       12%         1    #......
 Sticks to Snakes         Tmut           #.......     17%         2    ###....
 Spider Form              Tmut/Pois      #.........   34%         3    ###....
 Ice Form                 Ice/Tmut       #.......     75%         4    #####..
 Blade Hands              Tmut           #.........   97%         5    ######.


Dungeon Overview and Level Annotations

Branches:
Dungeon (7/15)             Temple (0/1) D:5

Altars:
Cheibriados
Gozag
Okawaru
Sif Muna
Xom
The Shining One

Shops:
D:4 *}   D:6 !


Innate Abilities, Weirdness & Mutations

You are too large for most types of armour.
You have claws for hands.
Your metabolism is lightning-fast.
You like to eat raw meat.
Your natural rate of healing is unusually fast.
You are covered in fur. (AC +1)
You have extremely tough skin. (AC +3)


Message History

You kill the orc wizard!
Cheibriados appreciates the change of pace.
Your Charms skill increases to level 6!
The centaur shoots an arrow.
The arrow misses you.
You hear a shout!
The orc seems to regain its courage.
The centaur shoots an arrow.
The arrow hits you!
The centaur shoots an arrow.
The arrow hits you!
You see here 2 arrows.
The centaur shoots an arrow.
The arrow hits you.
The centaur shoots an arrow.
The arrow hits you!
You see here 2 arrows.
Casting: Regeneration (safe; 10% risk of failure)
Confirm with . or Enter, or press ? or * to list all spells.
Your skin crawls.
The centaur seems to regain its courage.
You scratch the two-headed ogre but do no damage.
The two-headed ogre hits you with a +0 dire flail!
* * * LOW HITPOINT WARNING * * *
The two-headed ogre hits you with a +0 giant club!!
You die...

..# ..... .. ...... ..# ....
... #..... ..# ...
...#####.... ..# ....
........... ..# ... ........ .
..# .... .....######.# ..#
....#####.$......... ..#
......(.#(.?........
###########.....@#..(........
.รท..............(Oc..(.......
......##.##......#...........
......# .##......#...........
......##.##......#...........
.................#...........
.................############
..#..#...........#.........
#.##.#.....................


You could see a two-headed ogre and a centaur.

Vanquished Creatures
  Sigmund (D:4)
  Eustachio (D:5)
  2 ice beasts
  2 sky beasts
  An ogre (D:7)
  2 orc warriors
  2 centaurs (D:6)
  2 bullfrogs
  8 scorpions (Ossuary)
  4 wights (D:7)
  6 howler monkeys
  4 crimson imps
  A bullfrog zombie (D:6)
  2 centaur zombies (Ossuary)
  3 hounds
  2 bullfrog skeletons
  A gnoll shaman (D:6)
  Crazy Yiuf (D:2)
  2 centaur skeletons
  4 orc priests
  6 orc wizards
  Terence (D:3)
  2 human zombies (Ossuary)
  Jessica (D:2)
  An iguana (D:6)
  4 worker ants
  A big kobold zombie (Ossuary)
  A hound skeleton (D:5)
  3 mummies (Ossuary)
  A worker ant zombie (D:7)
  4 gnolls
  5 scorpion zombies (Ossuary)
  9 adders
  An ooze (D:4)
  An adder skeleton (D:4)
  2 worms
  3 dart slugs (D:1)
  4 leopard geckos
  18 orcs
  6 giant cockroaches
  6 goblins
  6 hobgoblins
  6 jackals
  5 kobolds
  3 quokkas
  A ball python (D:3)
  3 bats
  3 frilled lizards
  2 gnoll zombies (Ossuary)
  2 goblin zombies (Ossuary)
  2 hobgoblin zombies (Ossuary)
  4 kobold zombies (Ossuary)
  An orc zombie (Ossuary)
  2 quokka skeletons (D:4)
  4 rats
175 creatures vanquished.

Vanquished Creatures (others)
  A bullfrog (D:7)
  A scorpion (Ossuary)
  An orc (D:7)
3 creatures vanquished.

Grand Total: 178 creatures vanquished

Notes
Turn   | Place    | Note
-------+----------+-------------------------------------------
     0 | D:1      | KristoblXynda the Troll Skald began the quest for the Orb.
     0 | D:1      | Reached XP level 1. HP: 19/19 MP: 1/1
     3 | D:1      | Noticed an octopode
     5 | D:1      | Noticed a centaur
     5 | D:1      | Noticed an ogre
     7 | D:1      | Noticed a human
     7 | D:1      | Noticed a tengu
     9 | D:1      | Noticed a demigod
     9 | D:1      | Noticed a draconian
    21 | D:1      | Noticed a ghoul
    21 | D:1      | Noticed an elf
    23 | D:1      | Noticed a formicid
    25 | D:1      | Noticed a gargoyle
    25 | D:1      | Noticed a minotaur
    29 | D:1      | Noticed a spriggan
    29 | D:1      | Noticed a demonspawn
    31 | D:1      | Noticed a troll
    31 | D:1      | Noticed a vine stalker
    33 | D:1      | Noticed a vampire
    35 | D:1      | Noticed a naga
    37 | D:1      | Noticed a dwarf
    37 | D:1      | Noticed a merfolk
    39 | D:1      | Noticed a halfling
    39 | D:1      | Noticed a felid
   321 | D:1      | Reached XP level 2. HP: 18/27 MP: 2/2
   912 | D:2      | Reached XP level 3. HP: 33/33 MP: 3/3
   962 | D:2      | Noticed Jessica
   969 | D:2      | Killed Jessica
  1057 | D:2      | Reached skill level 3 in Unarmed Combat
  1057 | D:2      | Reached XP level 4. HP: 38/42 MP: 4/4
  1324 | D:2      | Found a runed translucent door.
  1329 | D:2      | Learned a level 3 spell: Regeneration
  1329 | D:2      | Noticed Crazy Yiuf
  1349 | D:2      | Killed Crazy Yiuf
  1626 | D:3      | Noticed Terence
  1655 | D:3      | Killed Terence
  1655 | D:3      | Reached XP level 5. HP: 24/49 MP: 1/5
  1845 | D:3      | You fall into a shaft and drop 1 floor!
  1858 | D:4      | Reached skill level 4 in Unarmed Combat
  1933 | D:4      | Noticed Sigmund
  1939 | D:3      | Found a glowing golden altar of the Shining One.
  1980 | D:3      | Found a shimmering altar of Xom.
  1982 | D:3      | Found a snail-covered altar of Cheibriados.
  1984 | D:3      | Found an iron altar of Okawaru.
  1985 | D:3      | Found an opulent altar of Gozag.
  1990 | D:3      | Became a worshipper of Cheibriados the Contemplative
  2412 | D:3      | Found a deep blue altar of Sif Muna.
  2691 | D:4      | Reached XP level 6. HP: 57/57 MP: 6/6
  2692 | D:4      | Found Tanususo's Gadget Emporium.
  2787 | D:4      | Killed Sigmund
  2787 | D:4      | Reached skill level 5 in Unarmed Combat
  2789 | D:4      | Found Toschu's General Store.
  2823 | D:4      | Bought a potion of heal wounds for 55 gold pieces
  2961 | D:4      | Reached XP level 7. HP: 59/65 MP: 4/7
  3137 | D:4      | Reached * piety under Cheibriados
  3266 | D:4      | Reached skill level 6 in Unarmed Combat
  3390 | D:5      | Entered Level 5 of the Dungeon
  3398 | D:5      | Learned a level 2 spell: Song of Slaying
  3459 | D:5      | Found a staircase to the Ecumenical Temple.
  3663 | D:5      | Found a sand-covered staircase.
  3668 | Ossuary  | Entered an ossuary
  3795 | Ossuary  | Reached skill level 7 in Unarmed Combat
  3877 | Ossuary  | Reached XP level 8. HP: 68/72 MP: 8/8
  3886 | Ossuary  | Reached ** piety under Cheibriados
  4018 | Ossuary  | Reached skill level 8 in Unarmed Combat
  4100 | D:5      | Noticed Eustachio
  4109 | D:5      | Killed Eustachio
  4620 | D:5      | Reached skill level 1 in Armour
  4662 | D:5      | Reached skill level 5 in Charms
  4726 | D:6      | Reached skill level 9 in Unarmed Combat
  4730 | D:6      | Reached XP level 9. HP: 42/79 MP: 9/9
  5058 | D:6      | Found Ehius's Distillery.
  5063 | D:6      | Reached *** piety under Cheibriados
  5261 | D:6      | Bought a potion of lignification for 45 gold pieces
  5678 | D:7      | Reached **** piety under Cheibriados
  5834 | D:7      | Noticed a two-headed ogre
  5852 | D:7      | Slain by a two-headed ogre

Levels and vault maps discovered:
D:1:      kb_arrival_jail, layout_loops_corners, st_stairs_3
D:2:      layout_rooms, roderic_roman_lattice, uniq_crazy_yiuf_cottage,
          uniq_jessica
D:3:      layout_basic, lemuel_crystal_altar, grunt_temple_overflow_open,
          first_ration, uniq_terence
D:4:      layout_loops_ring, serial_shops, nicolae_shop_behind_doors,
          kennysheep_mini_moat, uniq_sigmund
D:5:      layout_gridville, minmay_temple_entry_offerings, enter_ossuary_2,
          uniq_eustachio
D:6:      layout_rooms, serial_shops, shop
D:7:      cheibrodos_iron_armory, layout_basic, basic_altar, lemuel_old_faithful

Skill      XL: |  1  2  3  4  5  6  7  8  9 |
---------------+----------------------------+-----
Dodging        | 2 |  2.3
Fighting       | 2 |  2.0
Unarmed Combat | 3 4 5 7 9 |  9.9
Charms         | 3 4 5 6 |  6.0
Armour         | 2 4 |  4.2
Spellcasting   | |  1.2

Action                   |  1- 3 |  4- 6 |  7- 9 || total
-------------------------+-------+-------+-------++-------
Melee: Unarmed           |    69 |   142 |   336 ||   547
       Punch             |       |     1 |     9 ||    10
 Cast: Infusion          |       |     3 |       ||     3
       Regeneration      |       |       |     3 ||     3
       Song of Slaying   |       |       |     3 ||     3
Evoke: Wand              |       |       |    10 ||    10
  Use: Potion            |       |     2 |     3 ||     5
       Scroll            |       |     4 |    13 ||    17
 Stab: Sleeping          |       |     1 |       ||     1
  Eat: Chunk             |    15 |    18 |    18 ||    51
Armor: Robe              |    20 |    35 |   145 ||   200
       Skin              |       |       |    34 ||    34
Dodge: Dodged            |    30 |    66 |   165 ||   261

Table legend:
 A = Non-vault XP
 B = Vault XP
 C = Vault XP percentage of total XP
 D = Non-vault monster count
 E = Vault monster count
 F = Vault count percentage of total count
                 A         B        C        D         E       F
            +---------+---------+-------+---------+---------+-------
      Total |    3419 |    1389 |  28.9 |     136 |      40 |  22.7
            +---------+---------+-------+---------+---------+-------
        D:1 |      33 |       4 |  10.8 |      14 |       2 |  12.5
        D:2 |      41 |      77 |  65.3 |      16 |       2 |  11.1
        D:3 |      41 |      38 |  48.1 |      14 |       1 |   6.7
        D:4 |     340 |     223 |  39.6 |      22 |       1 |   4.3
        D:5 |     612 |     197 |  24.4 |      17 |       1 |   5.6
        D:6 |     915 |       0 |   0.0 |      22 |       0 |   0.0
        D:7 |    1437 |       0 |   0.0 |      31 |       0 |   0.0
    Ossuary |       0 |     850 | 100.0 |       0 |      33 | 100.0
            +---------+---------+-------+---------+---------+-------
